 Dungeon Crawl Stone Soup version 0.23.2-1-ga50397a (webtiles) character file.

Game seed: 3255933027117941351

46 MalarOregon the Chiller (level 3, 0/24 HPs)
             Began as a Merfolk Ice Elementalist on May 25, 2019.
             Slain by Terence
             ... wielding a +0 short sword
              (3 damage)
             ... on level 2 of the Dungeon.
             The game lasted 00:03:41 (1981 turns).

MalarOregon the Chiller (Merfolk Ice Elementalist)  Turns: 1981, Time: 00:03:41

Health: 0/24       AC:  2    Str:  8    XL:     3   Next: 66%
Magic:  0/6        EV: 13    Int: 15    God:
Gold:   53         SH:  0    Dex: 14    Spells: 3/6 levels left

rFire    . . .     SeeInvis .   c - +0 dagger
rCold    . . .     Gourm    .   (no shield)
rNeg     . . .     Faith    .   a - +0 robe
rPois    .         Spirit   .   (no helmet)
rElec    .         Reflect  .   (no cloak)
rCorr    .         Harm     .   (no gloves)
MR       .....                  (no boots)
Stlth    ++........             (no amulet)
HPRegen  0.08/turn              (no ring)
MPRegen  0.10/turn              (no ring)

@: very slightly contaminated
A: change form in water, swift swim, stealthy swim
a: no special abilities


You were on level 2 of the Dungeon.
You were not hungry.

You visited 1 branch of the dungeon, and saw 2 of its levels.

You collected 53 gold pieces.

Inventory:

Hand Weapons
 c - a +0 dagger (weapon)
   (You took it off a kobold on level 1 of the Dungeon)
Missiles
 b - a javelin (quivered)
Armour
 a - a +0 robe (worn)
Scrolls
 g - 2 scrolls of remove curse {unknown}
 h - a scroll of immolation {unknown}
 k - 2 scrolls of amnesia {unknown}
 l - a scroll of fear {unknown}
 m - 2 scrolls of identify {unknown}
Potions
 d - a potion of curing {unknown}
 f - a potion of ambrosia {unknown}
 i - a potion of brilliance {unknown}
 j - a potion of invisibility {unknown}
Comestibles
 e - 2 rations {!d}
 n - a chunk of flesh


   Skills:
 + Level 3.5 Dodging
 + Level 2.9 Stealth
 + Level 2.4 Spellcasting
 + Level 0.7 Conjurations
 + Level 3.8 Ice Magic


You had 3 spell levels left.
You knew the following spells:

 Your Spells              Type           Power        Failure   Level  Hunger
a - Freeze                Ice            ##..         4%          1    #......
x - Throw Frost           Conj/Ice       #.....       13%         2    ###....

Your spell library contained the following spells:

 Spells                   Type           Power        Failure   Level  Hunger
 Ozocubu's Armour         Chrm/Ice       #.......     28%         3    ###....
 Throw Icicle             Conj/Ice       #.......     63%         4    #####..
 Summon Ice Beast         Ice/Summ       #.......     67%         4    #####..


Dungeon Overview and Level Annotations

Branches:
Dungeon (2/15)

Altars:

Annotations:
D:2 1 runed translucent door, Crazy Yiuf, Terence


Message History

Some of the chunks of flesh in your inventory have rotted away.
Terence shouts!
Terence is too close now for your liking.
Throwing (i - inventory)
b - 5 javelins (quivered)
Aim: Terence, wielding a +0 short sword and wearing a +0 chain mail You throw a javelin.
The javelin hits Terence but does no damage.
Terence says, "Did you write a will?
You should..."
Throwing (i - inventory)
b - 4 javelins (quivered)
Aim: Terence, wielding a +0 short sword and wearing a +0 chain mail You throw a javelin.
The javelin barely misses Terence.
Throwing (i - inventory)
b - 3 javelins (quivered)
Aim: Terence, wielding a +0 short sword and wearing a +0 chain mail You throw a javelin.
The javelin hits Terence.
Throwing (i - inventory)
b - 2 javelins (quivered)
Aim: Terence, wielding a +0 short sword and wearing a +0 chain mail (lightly wounded)
You throw a javelin.
The javelin hits Terence but does no damage.
Terence completely misses you.
Aim: Terence, wielding a +0 short sword and wearing a +0 chain mail (lightly wounded)
You freeze Terence. Terence closely misses you.
Aim: Terence, wielding a +0 short sword and wearing a +0 chain mail (lightly wounded)
You freeze Terence. Terence misses you.
Aim: Terence, wielding a +0 short sword and wearing a +0 chain mail (lightly wounded)
You freeze Terence.
Terence asks, "Do you want it fast or slow?"
Terence closely misses you.
Aim: Terence, wielding a +0 short sword and wearing a +0 chain mail (moderately wounded)
You miscast Freeze.
You are very lightly contaminated with residual magic.
You hear a crackling sound.
Terence hits you but does no damage.
Aim: Terence, wielding a +0 short sword and wearing a +0 chain mail (moderately wounded)
You freeze Terence. Terence closely misses you.
Aim: Terence, wielding a +0 short sword and wearing a +0 chain mail (heavily wounded)
You miscast Freeze.
You hear a crackling sound.
Terence hits you with a +0 short sword.
You barely miss Terence. Terence hits you with a +0 short sword.
* * * LOW HITPOINT WARNING * * *
You see here a bat skeleton.
Aim: Terence, wielding a +0 short sword and wearing a +0 chain mail (heavily wounded)
You freeze Terence. Terence hits you with a +0 short sword.
* * * LOW HITPOINT WARNING * * *
Aim: Terence, wielding a +0 short sword and wearing a +0 chain mail (severely wounded)
You freeze Terence. Terence hits you with a +0 short sword.
* * * LOW HITPOINT WARNING * * *
Aim: Terence, wielding a +0 short sword and wearing a +0 chain mail (almost dead)
You freeze Terence. Terence hits you with a +0 short sword.
You die...

# #... #......)♣).♣#...#
###.##.########.#.)♣.♣♣♣
###
...............##♣♣♣♣♣
...###.######### #.###
### ##### #...#
###.###.#.# .# #...#
#.........# .# #...##
#..@####..##.#
#....####..@####...#.#
#.##............÷..#.#
#.##.####...####...#.#
#.##.#
#########..#.#.#.#
..##.# ...............#
####.# ...#####...#.###
#.# #...(... #.#
#....(..# #. #.......#


You could see Terence.

Vanquished Creatures
  An adder (D:2)
  An ooze (D:1)
  A worm (D:1)
  2 dart slugs (D:1)
  A leopard gecko (D:1)
  5 bats
  A giant cockroach (D:1)
  2 goblins (D:1)
  6 hobgoblins
  A kobold (D:1)
  A frilled lizard (D:1)
  2 rats (D:1)
24 creatures vanquished.

Notes
Turn   | Place    | Note
-------+----------+-------------------------------------------
     0 | D:1      | MalarOregon the Merfolk Ice Elementalist began the quest
                  | for the Orb.
     0 | D:1      | Reached XP level 1. HP: 13/13 MP: 3/3
   304 | D:1      | Reached XP level 2. HP: 19/19 MP: 0/5
   871 | D:1      | Reached XP level 3. HP: 17/24 MP: 2/6
  1121 | D:2      | Learned a level 2 spell: Throw Frost
  1329 | D:1      | HP: 1/24 [worm (8)]
  1849 | D:2      | Found a runed translucent door.
  1850 | D:2      | Noticed Crazy Yiuf
  1896 | D:2      | Noticed Terence
  1981 | D:2      | Slain by Terence

Skill      XL: |  1  2 |
---------------+-------+-----
Dodging        | 3 |  3.5
Stealth        | |  2.9
Spellcasting   | |  2.4
Conjurations   | |  0.7
Ice Magic      | |  3.8

Action                   || total
-------------------------++-------
Melee: Unarmed           ||    14
       Dagger            ||     2
Throw: Javelin           ||     4
 Cast: Freeze            ||    58
       Throw Frost       ||     3
 Stab: Sleeping          ||     1
  Eat: Chunk             ||     4
Armor: Robe              ||     2
Dodge: Dodged            ||    37
